AoeStats
← marius.zwei91

Fortress

510602098Analyzed
1v1 RM · 13h ago on Oct 1, 2026· 28m 55s· 2 players
Game mode
Random Map
Map size
Small (3 player)
Population
200
Speed
Normal
Resources
Standard
Victory
Conquest
Starting age
Dark Age
Ending age
Imperial Age
RankedLock teamsTeams togetherTeam positionsShared explorationLock speedFull tech treeHidden civsTurbo modeCheats
Victory
Defeat
🇩🇪 Maya · Germany
785
+14
🇫🇷 Japanese · France
740
-34
marius.zwei91
4:34 Loom
7:58 Feudal Age
11:44 Castle Age
10:39 Fletching
11:14 Double-Bit Axe
13:48 Crossbowman
14:30 Bodkin Arrow
15:31 Pikeman
19:39 Forging
20:06 Scale Mail Armor
25:29 Bow Saw
29:16 Thumb Ring
lgs.charles
1:29 Loom
6:09 Feudal Age
6:36 Double-Bit Axe
7:32 Wheelbarrow
7:33 Gold Mining
13:32 Scale Mail Armor
13:33 Padded Archer Armor
14:59 Horse Collar
19:15 Castle Age
18:06 Scale Barding Armor
19:15 Fletching
20:47 Bow Saw
20:02 Elite Skirmisher
20:06 Pikeman
20:36 Loom
21:19 Heavy Plow
22:43 Town Watch
24:02 Hand Cart
24:27 Stone Mining
26:00 Squires
Connection lost

Rejoining the realm…

Still unreachable

The connection could not be restored.

Session expired

The server has moved on; the page needs a fresh start.